 Dungeon Crawl Stone Soup version 0.25-a0-404-gc1b5a34292 (webtiles) character file.

Game seed: 9592474080540408208, levelgen mode: deterministic

363 Gargoyl the Skirmisher (level 6, -2/52 HPs)
             Began as a Centaur Abyssal Knight on Jan 11, 2020.
             Was a Believer of Lugonu.
             Slain by a centaur (4 damage)
             ... on level 5 of the Dungeon.
             The game lasted 00:05:57 (4236 turns).

Gargoyl the Skirmisher (Centaur Abyssal Knight)     Turns: 4236, Time: 00:05:58

Health: -2/52      AC: 11    Str: 15      XL:     6   Next: 39%
Magic:  8/8        EV: -1    Int:  6 (11) God:    Lugonu [**....]
Gold:   299        SH:  2    Dex:  6 (10) Spells: 5/5 levels left

rFire    . . .     SeeInvis +   a - +2 hand axe
rCold    + . .     Gourm    .   o - +0 buckler
rNeg     . . .     Faith    .   g - +2 plate armour
rPois    .         Spirit   .   (no helmet)
rElec    .         Reflect  .   (no cloak)
rCorr    .         Harm     .   (no gloves)
MR       .....                  (no barding)
Stlth    ..........             (no amulet)
HPRegen  0.17/turn              f - -3 ring of evasion (curse)
MPRegen  0.11/turn              m - ring of wizardry

@: very quick
A: large, hooves 3, see invisible, cold resistance 1, deformed body, speed 2,
tough skin 3
a: Depart the Abyss, Bend Space, Renounce Religion


You were on level 5 of the Dungeon.
You worshipped Lugonu.
Lugonu was pleased with you.
You were not hungry.

You visited 1 branch of the dungeon, and saw 5 of its levels.
You visited the Abyss 1 time.

You collected 299 gold pieces.

Inventory:

Hand Weapons
 a - a +2 hand axe (weapon)
Armour
 g - a +2 plate armour (worn)
 o - a +0 buckler (worn)
Jewellery
 f - a cursed -3 ring of evasion (left hand)
 m - a ring of wizardry (right hand)
 p - a cursed ring of attention {unknown}
Wands
 k - a wand of polymorph (14)
 n - a wand of paralysis (7)
Scrolls
 e - 3 scrolls of teleportation
 j - 2 scrolls of identify
Potions
 b - a potion of mutation
 d - a potion of agility
 h - a potion of curing
 i - a potion of berserk rage {unknown}
 l - a potion of resistance {unknown}
 q - a potion of flight {unknown}
 r - a potion of lignification {unknown}
Comestibles
 c - 5 rations


   Skills:
 + Level 3.9 Fighting
 + Level 2.7 Axes
 * Level 3.6 Armour
 * Level 1.6 Dodging
 * Level 3.3 Invocations


You had 5 spell levels left.
You didn't know any spells.
Your spell library was empty.

Dungeon Overview and Level Annotations

Branches:
Dungeon (5/15)             Temple (0/1) D:4

Altars:
Fedhas
Gozag
Qazlal
Ru
Zin

Annotations:
D:5 1 runed translucent door, Perturabo's ghost, novice FoFi


Innate Abilities, Weirdness & Mutations

You have hooves in place of feet.
Armour fits poorly on your strangely shaped body.
You cover ground very quickly.
You have extremely tough skin. (AC +3)
You have supernaturally acute eyesight. (SInv)
Your flesh is cold resistant. (rC+)


Message History

The centaur unwields a +0 shortbow.
The centaur hits you.
You completely miss the centaur. You kick the centaur.
The centaur is lightly wounded.
The centaur hits you.
* * * LOW HITPOINT WARNING * * *
The centaur hits you.
* * * LOW HITPOINT WARNING * * *
Your plate armour prevents you from hitting the centaur.
The centaur is lightly wounded.
The centaur hits you.
* * * LOW HITPOINT WARNING * * *
The centaur hits you.
* * * LOW HITPOINT WARNING * * *
Your plate armour prevents you from hitting the centaur.
The centaur is lightly wounded.
You hit the crimson imp but do no damage.
The centaur hits you.
* * * LOW HITPOINT WARNING * * *
The crimson imp blinks!
The centaur hits you.
You die...

################
.......).....5.#
.............c.#
.#####..#####@.#
.....#..#..†§..#
.....#..#......#
#######
###..#..#..#####
.......
.....#..#.h...
.......
...$.#..#......
........
.#####..#####..
........
.....#..#.l....
#........
.....#..#h.5...
#........


You could see a centaur, a crimson imp and a jackal (wandering).

Vanquished Creatures
  An ice beast (D:5)
  A howler monkey (D:5)
  A quasit (D:5)
  A hound (D:4)
  An iguana (D:4)
  A worker ant (D:4)
  3 gnolls (D:4)
  4 adders
  2 oozes
  3 worms
  4 leopard geckos
  2 ball pythons (D:2)
  5 bats
  A giant cockroach (D:3)
  4 goblins
  5 hobgoblins
  4 kobolds (D:1)
  A quokka (D:5)
  5 frilled lizards (D:1)
  8 rats
57 creatures vanquished.

Vanquished Creatures (others)
  7 toadstools (D:2)
  2 withered plants (D:5)
9 creatures vanquished.

Grand Total: 66 creatures vanquished

Notes
Turn   | Place    | Note
-------+----------+-------------------------------------------
     0 | Abyss:1  | Gargoyl the Centaur Abyssal Knight began the quest for the
                  | Orb.
     0 | Abyss:1  | Reached XP level 1. HP: 19/19 MP: 2/2
    30 | Abyss:1  | Found a corrupted altar of Lugonu.
    64 | Abyss:1  | Noticed a small abomination
   215 | Abyss:2  | Noticed a starcursed mass
   266 | Abyss:2  | Noticed a glowing orange brain
   281 | Abyss:2  | Noticed a neqoxec
   298 | Abyss:2  | Noticed a neqoxec
   300 | Abyss:2  | Lost intelligence.
   301 | Abyss:2  | Gained mutation: Your body sometimes deteriorates upon
                  | taking damage. [a neqoxec]
   302 | D:1      | Escaped the Abyss
   392 | D:1      | Reached * piety under Lugonu
   561 | D:1      | Reached XP level 2. HP: 9/26 MP: 3/3
  1403 | D:2      | Lost mutation: Your body sometimes deteriorates upon taking
                  | damage. [potion of mutation]
  1403 | D:2      | Gained mutation: You have supernaturally acute eyesight.
                  | (SInv) [potion of mutation]
  1403 | D:2      | Gained mutation: Your flesh is cold resistant. (rC+)
                  | [potion of mutation]
  1625 | D:2      | Reached XP level 3. HP: 26/31 MP: 4/4
  1628 | D:2      | Reached skill level 1 in Dodging
  1717 | D:2      | Found a stormy altar of Qazlal.
  1833 | D:2      | Found a blossoming altar of Fedhas.
  1834 | D:2      | You fall into a shaft and drop 1 floor!
  2134 | D:3      | Reached XP level 4. HP: 30/38 MP: 5/5
  2442 | D:3      | Found an opulent altar of Gozag.
  2513 | D:3      | Reached ** piety under Lugonu
  2740 | D:4      | Found a staircase to the Ecumenical Temple.
  2810 | D:4      | Reached XP level 5. HP: 35/45 MP: 7/7
  3265 | D:4      | Found a glowing silver altar of Zin.
  3599 | D:5      | Entered Level 5 of the Dungeon
  3618 | D:5      | Found a runed translucent door.
  3619 | D:5      | Noticed Perturabo's ghost (novice FoFi)
  3652 | D:5      | Found a sacrificial altar of Ru.
  3722 | D:5      | Noticed an ice beast
  3736 | D:5      | Killed an ice beast
  3736 | D:5      | Reached XP level 6. HP: 29/52 MP: 8/8
  4164 | D:5      | Noticed an unseen horror
  4236 | D:5      | HP: 2/52 [centaur (1)]
  4236 | D:5      | Slain by a centaur

Levels and vault maps discovered:
D:1:      nzn_arrival_water_spiral, layout_basic
D:2:      layout_loops_ring, tgw_fedhas, lemuel_crystal_altar,
          lightli_temple_of_fire
D:3:      layout_loops_corners, grunt_gozag_statues, first_ration
D:4:      layout_basic, overflow_temple_1_default,
          minmay_temple_entry_sparse_star, hangedman_decor_growths
D:5:      kennysheep_windowed_halls, layout_loops_ring, gammafunk_ghost_grave,
          basic_altar

Skill      XL: |  1  2  3  4  5 |
---------------+----------------+-----
Armour         | 2 3 |  3.6
Dodging        | 1 |  1.6
Axes           | 2 |  2.7
Invocations    | 3 |  3.3
Fighting       | |  3.9

Action                   |  1- 3 |  4- 6 || total
-------------------------+-------+-------++-------
Melee: Hand axe          |   128 |   131 ||   259
       Kick              |    17 |    17 ||    34
Invok: Depart the Abyss  |     1 |       ||     1
  Use: Potion            |     3 |       ||     3
       Scroll            |     5 |     3 ||     8
  Eat: Chunk             |     4 |     4 ||     8
       Ration            |       |     1 ||     1
Armor: Chain mail        |    28 |       ||    28
       Plate armour      |   116 |   189 ||   305
Dodge: Dodged            |    15 |     6 ||    21
Block: Buckler           |       |    10 ||    10

Table legend:
 A = Non-vault XP
 B = Vault XP
 C = Vault XP percentage of total XP
 D = Non-vault monster count
 E = Vault monster count
 F = Vault count percentage of total count
                 A         B        C        D         E       F
            +---------+---------+-------+---------+---------+-------
      Total |     421 |      98 |  18.9 |      54 |       3 |   5.3
            +---------+---------+-------+---------+---------+-------
        D:1 |      30 |       0 |   0.0 |      17 |       0 |   0.0
        D:2 |      31 |       0 |   0.0 |      11 |       0 |   0.0
        D:3 |      56 |       0 |   0.0 |      15 |       0 |   0.0
        D:4 |     173 |       0 |   0.0 |       9 |       0 |   0.0
        D:5 |     131 |      98 |  42.8 |       2 |       3 |  60.0
            +---------+---------+-------+---------+---------+-------
